AoeStats
← jaime001254

Lombardia

509507168Analyzed
2v2 RM · 5d ago on Sep 27, 2026· 81m 38s· 4 players
Game mode
Random Map
Map size
Medium (4 player)
Population
200
Speed
Normal
Resources
Standard
Victory
Conquest
Starting age
Dark Age
Ending age
Imperial Age
RankedLock teamsTeams togetherTeam positionsShared explorationLock speedFull tech treeHidden civsTurbo modeCheats
Victory
Defeat
🇨🇴 Hindustanis · Colombia
1012
+15
🇨🇴 Bulgarians · Colombia
1011
+15
🇺🇸 Saracens · United States
999
-15
🇺🇸 Mongols · United States
994
-15
Spaceman Spiff
2:30 Loom
9:45 Feudal Age
11:20 Double-Bit Axe
19:43 Gold Mining
22:30 Castle Age
20:44 Scale Barding Armor
20:42 Horse Collar
21:06 Stone Mining
22:01 Forging
22:09 Bloodlines
23:38 Husbandry
25:19 Pikeman
29:10 Wheelbarrow
28:20 Town Watch
30:40 Squires
30:28 Arson
30:42 Elite Skirmisher
31:35 Fletching
32:13 Bow Saw
32:19 Scale Mail Armor
33:20 Chain Barding Armor
34:06 Bodkin Arrow
34:12 Light Cavalry
36:30 Padded Archer Armor
40:15 Imperial Age
38:24 Hand Cart
40:23 Leather Archer Armor
40:44 Iron Casting
41:02 Ballistics
41:58 Bracer
43:27 Gold Shaft Mining
44:20 Elite Mangudai
46:14 Blast Furnace
45:46 Caravan
46:09 Heavy Camel Rider
47:49 Conscription
47:39 Hussar
50:08 Capped Ram
53:46 Chemistry
55:35 Parthian Tactics
56:06 Thumb Ring
57:07 Chain Mail Armor
63:16 Heavy Plow
72:14 Plate Mail Armor
73:45 Murder Holes
KING ROMA
7:29 Loom
10:21 Feudal Age
10:58 Double-Bit Axe
19:41 Castle Age
20:06 Fletching
20:42 Crossbowman
21:26 Bodkin Arrow
21:34 Padded Archer Armor
21:28 Gold Mining
21:59 Horse Collar
22:47 Bow Saw
25:14 Pikeman
26:47 Bloodlines
27:35 Husbandry
28:17 Forging
30:15 Wheelbarrow
30:07 Ballistics
30:40 Scale Barding Armor
37:50 Imperial Age
36:16 Iron Casting
36:39 Chain Barding Armor
37:34 Thumb Ring
38:04 Heavy Camel Rider
39:57 Chemistry
40:32 Plate Barding Armor
40:51 Heavy Plow
40:44 Arbalester
46:14 Light Cavalry
48:59 Blast Furnace
50:37 Conscription
50:45 Siege Engineers
55:10 Hussar
56:39 Gold Shaft Mining
55:52 Elite Skirmisher
62:32 Murder Holes
65:15 Arrowslits
65:40 Masonry
jaime001254
5:47 Loom
11:10 Feudal Age
12:22 Horse Collar
13:10 Double-Bit Axe
14:07 Town Watch
17:44 Scale Barding Armor
17:50 Forging
22:21 Castle Age
20:54 Fletching
21:04 Padded Archer Armor
21:05 Scale Mail Armor
22:31 Light Cavalry
23:22 Bloodlines
23:12 Husbandry
27:17 Bodkin Arrow
27:38 Elite Skirmisher
29:09 Wheelbarrow
30:04 Chain Mail Armor
31:56 Leather Archer Armor
32:17 Iron Casting
36:33 Thumb Ring
37:08 Ballistics
41:35 Imperial Age
39:21 Hand Cart
41:27 Masonry
41:13 Murder Holes
42:09 Caravan
43:11 Conscription
43:13 Pikeman
43:54 Squires
44:38 Bagains
46:00 Blast Furnace
45:31 Plate Mail Armor
46:11 Bracer
46:43 Chain Barding Armor
48:02 Stirrups
48:59 Elite Konnik
51:31 Chemistry
51:02 Architecture
52:15 Siege Engineers
54:38 Heavy Plow
55:59 Plate Barding Armor
58:10 Pikeman
58:51 Squires
58:36 Arson
58:37 Gambesons
59:57 Parthian Tactics
58:52 Heavy Cavalry Archer
67:16 Onager
67:17 Heavy Scorpion
67:19 Capped Ram
71:03 Siege Ram
71:04 Siege Onager
74:07 Cavalier
74:08 Hussar
76:05 Crop Rotation
75:50 Bow Saw
75:45 Town Patrol
DarkRyu
7:41 Loom
9:56 Feudal Age
12:50 Double-Bit Axe
14:32 Horse Collar
17:07 Forging
20:04 Castle Age
18:05 Gold Mining
19:45 Bloodlines
19:43 Scale Barding Armor
20:51 Husbandry
21:08 Bow Saw
25:38 Heavy Plow
25:30 Stone Mining
27:25 Wheelbarrow
27:35 Town Watch
28:54 Hand Cart
31:34 Iron Casting
30:50 Fletching
36:57 Imperial Age
34:55 Chain Barding Armor
36:06 Fortified Wall
37:26 Gold Shaft Mining
37:08 Masonry
37:19 Ballistics
37:12 Heavy Camel Rider
40:40 Chemistry
40:48 Blast Furnace
40:24 Plate Barding Armor
40:19 Caravan
41:29 Murder Holes
41:43 Town Patrol
42:08 Imperial Camel Rider
42:47 Bodkin Arrow
43:24 Conscription
43:08 Grand Trunk Road
43:57 Light Cavalry
44:19 Pikeman
45:02 Scale Mail Armor
45:03 Bracer
45:47 Hussar
51:36 Chain Mail Armor
54:37 Siege Engineers
74:34 Elite Ghulam
75:50 Hoardings
75:15 Shatagni
76:28 Two-Man Saw
Connection lost

Rejoining the realm…

Still unreachable

The connection could not be restored.

Session expired

The server has moved on; the page needs a fresh start.